 Dungeon Crawl Stone Soup version 0.30-a0-632-g346586f (webtiles) character file.

Game seed: 12989219571254848996

16 malesh the Sneak (level 2, -7/13 HPs)
             Began as a Vine Stalker Enchanter on Jan 13, 2023.
             Killed from afar by a white imp (10 damage)
             ... with a puff of frost
             ... summoned by Natasha
             ... on level 2 of the Dungeon.
             The game lasted 00:04:51 (1331 turns).

malesh the Sneak (Vine Stalker Enchanter)           Turns: 1331, Time: 00:04:52

Health: -7/13      AC:  2    Str: 10    XL:     2   Next: 58%
Magic:  0/6        EV: 12    Int: 15    God:
Gold:   100        SH:  0    Dex: 14    Spells: 3/5 levels left

rFire   . . .      SeeInvis .    a - +1 dagger
rCold   . . .      Faith    .    (no shield)
rNeg    . . .      Spirit   +    b - +0 robe
rPois   .          Reflect  .    (no helmet)
rElec   .          Harm     .    (no cloak)
rCorr   .          Rampage  .    (no gloves)
Will    .....                    (no boots)
Stlth   +++                      (no amulet)
HPRegen 0.22/turn                (no ring)
MPRegen 0.10/turn                (no ring)

@: no status effects
A: fangs 2, magic shield, antimagic bite, no potion heal 2
a: no special abilities


You were on level 2 of the Dungeon.
You visited 1 branch of the dungeon, and saw 2 of its levels.

You collected 100 gold pieces.

Inventory:

Hand Weapons
 a - a +1 dagger (weapon)
Missiles
 d - 2 poisoned darts (quivered)
Armour
 b - a +0 robe (worn)
Scrolls
 f - a scroll of magic mapping {unknown}
 g - a scroll of fear {unknown}
 h - a scroll of fog {unknown}
 i - a scroll of immolation {unknown}
Potions
 c - 2 potions of invisibility
 e - a potion of curing {unknown}
 j - a potion of might {unknown}


   Skills:
 * Level 1.2 Short Blades
 + Level 1.7 Dodging
 * Level 4.0 Stealth
 + Level 2.3 Spellcasting
 * Level 3.1 Hexes
 + Level 0.3 Ice Magic


You had 3 spell levels left.
You knew the following spells:

 Your Spells              Type           Power      Damage    Failure   Level
a - Ensorcelled Hibernat  Hex/Ice        12%        N/A       16%         2

Your spell library contained the following spells:

 Spells                   Type           Power      Damage    Failure   Level
 Confusing Touch          Hex            11%        N/A       17%         3
 Tukima's Dance           Hex            11%        N/A       17%         3
 Dazzling Flash           Conj/Hex       12%        N/A       32%         3


Dungeon Overview and Level Annotations

Branches:
Dungeon (2/15)

Altars:

Annotations:
D:2 Jessica, Natasha


Innate Abilities, Weirdness & Mutations

You have extremely sharp teeth.
When hurt, damage is shared between your health and your magic reserves.
Your bite disrupts and absorbs the magic of your enemies.
Potions cannot restore your health.


Message History

You climb downwards.
Level annotation: Jessica
There is a stone staircase leading up here.
You see here a hobgoblin skeleton.
Natasha, Servant of Life and Death comes into view.
Found 6 stones.
Found a scroll labelled TECAUWK RYSO.
Natasha closely misses you.
Casting: Ensorcelled Hibernation (safe; 16% risk of failure)
Confirm with . or Enter, or press ? or * to list all spells.
Aiming: Ensorcelled Hibernation (safe; 16% risk of failure)
Press: ? - help, Shift-Dir - straight line, f - Natasha
Aim: Natasha (chance to affect: 39%) Natasha resists with some effort.
Natasha claws you!
You are too injured to fight recklessly!
You barely miss Natasha. Natasha misses you.
You barely miss Natasha. Your bite misses Natasha.
Natasha mumbles some strange words.
You hit Natasha.
Natasha is lightly wounded.
Natasha claws you.
You hit Natasha but do no damage.
Natasha is lightly wounded.
Natasha wildly gestures.
Natasha's front paws start to glow.
Natasha barely misses you.
You hit Natasha. You bite Natasha.
Natasha's magic leaks into the air.
You drain her magic.
You feel invigorated.
Natasha is moderately wounded.
The white imp hits you. The white imp freezes you.
* * * LOW HITPOINT WARNING * * *
Natasha mumbles some strange words.
You feel troubled. Natasha barely misses you.
You hit Natasha but do no damage.
Natasha is moderately wounded.
The white imp gestures at you. The puff of frost hits you!
Ouch! That really hurt!
You die...

...###............
....#......#####
.........#.....#
.....#...#####.#
.....##.## #.#
.....##.######.####
.....##.#.....(..(#
.....#..#.........###.#.
<รท..............@h......
....##.##.......5.?...##
...###.##.............#
#### #.#####.####.......
#.# #.# #....## #.# #.#
....# #.# #.# ...... .###
#.# .. .#..#. .... #.#
.....


You could see Natasha (magic disrupted) and a white imp (summoned).

Vanquished Creatures
  4 endoplasms
  A giant cockroach (D:1)
  A goblin (D:1)
  A hobgoblin (D:2)
  4 ball pythons
  2 bats
  A kobold (D:2)
  2 rats (D:1)
16 creatures vanquished.

Notes
Turn   | Place    | Note
-------+----------+-------------------------------------------
     0 | D:1      | malesh the Vine Stalker Enchanter began the quest for the
                  | Orb.
     0 | D:1      | Reached XP level 1. HP: 9/9 MP: 4/4
    60 | D:1      | Found a faded altar of an unknown god.
   343 | D:1      | Reached skill level 1 in Short Blades
   444 | D:1      | Reached XP level 2. HP: 12/13 MP: 3/6
   447 | D:1      | Learned a level 2 spell: Ensorcelled Hibernation
   948 | D:2      | Reached skill level 4 in Stealth
  1077 | D:2      | Noticed Jessica
  1316 | D:2      | Noticed Natasha
  1331 | D:2      | Killed from afar by a white imp

Illustrated notes

Levels and vault maps discovered:
D:1:      eino_arrival_cavern_e, layout_basic, serial_bayou,
          serial_bayou_pond_e, serial_bayou_shore_a, serial_bayou_ford_a,
          serial_bayou_pond_c, serial_bayou_pond_a, serial_bayou_crossing,
          hellmonk_ecumenical_altar_slurped_away, dk_noncrumbling_3,
          minmay_misc_feat_roman, minmay_misc_feat_cross
D:2:      layout_rooms, corexii_corridor_pit, uniq_sigmund, uniq_natasha,
          uniq_jessica

Skill      XL: |  1  2 |
---------------+-------+-----
Short Blades   | 1 |  1.2
Stealth        | 4 |  4.0
Dodging        | |  1.7
Spellcasting   | |  2.3
Hexes          | |  3.1
Ice Magic      | |  0.3

Action                   || total
-------------------------++-------
Melee: Dagger            ||    36
       Bite              ||     5
Throw: Dart              ||     1
 Cast: Ensorcelled Hiber ||     8
 Stab: Sleeping          ||     7
Armor: Robe              ||     5
Dodge: Dodged            ||    36

Table legend: (Time is in decaauts)
 A = Elapsed time spent in this place.
 B = Non-inter-level travel time spent in this place.
 C = Inter-level travel time spent in this place.
 D = Time resting spent in this place.
 E = Time spent auto-exploring this place.
 F = Levels seen in this place.
 G = Mean time per level.
                   A        B        C        D        E       F      G
               +--------+--------+--------+--------+--------+-----+--------+
         Total |   1364 |   1221 |    143 |    127 |    897 |   2 |  682.0 |
       Dungeon |   1364 |   1221 |    143 |    127 |    897 |   2 |  682.0 |
               +--------+--------+--------+--------+--------+-----+--------+

Top non-repeatable levels by time:
     D:1: 1147 daAuts
     D:2: 216 daAuts
